 Dungeon Crawl Stone Soup version 0.28.0-49-g6dfe1f597d (webtiles) character file.

Game seed: 1116107265481235516

63 Exodus22XD the Covered (level 3, 32/34 HPs)
             Began as a Minotaur Fighter on May 20, 2022.
             Was a Follower of Fedhas.
             Quit the game on level 2 of the Dungeon.
             The game lasted 00:00:33 (453 turns).

Exodus22XD the Covered (Minotaur Fighter)            Turns: 453, Time: 00:00:34

Health: 32/34      AC:  7    Str: 22    XL:     3   Next: 87%
Magic:  2/2        EV:  9    Int:  5    God:    Fedhas [*.....]
Gold:   14         SH:  4    Dex:  9    Spells: 2/2 levels left

rFire   . . .      SeeInvis .   a - +0 war axe
rCold   . . .      Faith    .   c - +0 buckler
rNeg    . . .      Spirit   .   b - +0 scale mail
rPois   .          Reflect  .   (helmet restricted)
rElec   .          Harm     .   (no cloak)
rCorr   .          Rampage  .   (no gloves)
Will    .....                   (no boots)
Stlth   ..........              (no amulet)
HPRegen 0.11/turn               (no ring)
MPRegen 0.08/turn               (no ring)

@: no status effects
A: horns 2, retaliatory headbutt
a: Renounce Religion


You were on level 2 of the Dungeon.
You worshipped Fedhas.
Fedhas was aware of your devotion.
You visited 1 branch of the dungeon, and saw 2 of its levels.

You collected 14 gold pieces.

Inventory:

Hand Weapons
 a - a +0 war axe (weapon)
Armour
 b - a +0 scale mail (worn)
 c - a +0 buckler (worn)
Potions
 d - a potion of might


   Skills:
 + Level 4.3 Fighting
 + Level 3.2 Axes
 + Level 4.4 Armour
 + Level 4.2 Shields


You had 2 spell levels left.
You didn't know any spells.
Your spell library was empty.

Dungeon Overview and Level Annotations

Branches:
Dungeon (1/15)

Altars:
Fedhas
Zin


Innate Abilities, Weirdness & Mutations

You have a pair of horns on your head.
You reflexively headbutt those who attack you in melee.


Message History

You kill the dart slug!
No target in view!
Found 18 sling bullets.
A ball python comes into view.
Found a faded altar of an unknown god.
The ball python hisses angrily.
An adder comes into view.
A hobgoblin comes into view.
A ball python comes into view.
The ball python hisses angrily.
The adder hisses angrily.
The hobgoblin shouts!
There are monsters nearby!
The adder bites you but does no damage.
There are monsters nearby!
You miss the adder. The adder bites you but does no damage.
A ball python comes into view.
The adder closely misses you.
There are monsters nearby!
You barely miss the adder. You hit the ball python.
You kill the ball python!
The adder bites you. The adder barely misses you.
You slash the adder!
You kill the adder!
You barely miss the hobgoblin. The hobgoblin closely misses you.
You furiously retaliate!
You headbutt the hobgoblin.
You kill the hobgoblin!
You closely miss the ball python. The ball python closely misses you. x3
The ball python barely misses you.
You slash the ball python!
You kill the ball python!
The ball python barely misses you. x2
You slash the ball python!
You kill the ball python!
No target in view!
No target in view!
You see here a ball python corpse.
There is a faded altar of an unknown god here.
You cannot tell which god this altar belongs to.
Convert to them anyway?
Fedhas accepts your prayer! Fedhas welcomes you!
The plants of the dungeon cease their hostilities.
Are you sure you want to abandon this character and quit the game? (Confirm with "yes".)

# ## ##. .##
##..# #..##
....###....
#...#...# #.....#
##.@.##
#.....#####
#...#...#..####
.....###..†.....#
..#..# ##.†#....#
. ##. ##..###...#
# #....#....#
#.........#
#.........#######


There were no monsters in sight!

Vanquished Creatures
  4 adders (D:2)
  2 worms (D:2)
  A dart slug (D:2)
  A bat (D:2)
  An endoplasm (D:2)
  A giant cockroach (D:2)
  A goblin (D:2)
  A hobgoblin (D:2)
  A kobold (D:2)
  5 ball pythons (D:2)
  A frilled lizard (D:2)
  2 rats (D:2)
21 creatures vanquished.

Notes
Turn   | Place    | Note
-------+----------+-------------------------------------------
     0 | D:1      | Exodus22XD the Minotaur Fighter began the quest for the
                  | Orb.
     0 | D:1      | Reached XP level 1. HP: 19/19 MP: 0/0
    22 | D:1      | You fall into a shaft and drop 1 floor!
    30 | D:2      | Reached XP level 2. HP: 25/27 MP: 1/1
    94 | D:2      | Found a glowing silver altar of Zin.
   379 | D:2      | Reached XP level 3. HP: 30/33 MP: 2/2
   438 | D:2      | Found a faded altar of an unknown god.
   452 | D:2      | Prayed at the altar of an unknown god.
   452 | D:2      | Became a worshipper of Fedhas Madash
   452 | D:2      | Reached * piety under Fedhas
   453 | D:2      | Quit the game

Illustrated notes

Levels and vault maps discovered:
D:1:      evilmike_arrival_crescent, layout_loops_ring, hangedman_decor_push
D:2:      minmay_inner_zag, layout_rooms, nicolae_ecumenical_snake_handling,
          basic_altar, kennysheep_generic_room_11

Skill      XL: |  1  2  3 |
---------------+----------+-----
Fighting       | 4 |  4.3
Armour         | 4 |  4.4
Shields        | 4 |  4.2
Axes           | 3 |  3.2

Action                   || total
-------------------------++-------
Melee: War axe           ||    49
       Headbutt          ||     4
Armor: Scale mail        ||    24
Dodge: Dodged            ||    29
Block: Buckler           ||     9
